Map: Alcyone LE

Players

Cyan - Winner!

  • Race: Protoss Protoss
  • Spawn Location: 1:00

Bunny

  • Race: Terran Terran
  • Spawn Location: 7:00

Event: ESL Spring 2024 Finals

VOD

Have the link to the VOD?

Description

Time

  • Played on: May 31, 2024, 6:19 p.m.
  • Length: 16:35

All games in this series

Show
View Real Time Build Order
Export as new Build Order

Cyan Protoss - Winner!

Build Orders: 1 Gate Expand, Blink Stalkers, Colossus Rush 

Get SALT Encoding   

  12  0:00  Probe  
  13  0:12  Probe  
  14  0:16  Pylon  
  14  0:24  Probe (Chrono Boost)  
  15  0:36  Gateway, Probe (Chrono Boost)  
  16  0:44  Probe (Chrono Boost)  
  16  0:46  Assimilator  
  17  0:52  Probe  
  18  1:04  Probe  
  19  1:16  Probe  
  20  1:23  Cybernetics Core  
  20  1:31  Nexus  
  20  1:35  Probe  
  21  1:40  Pylon  
  21  1:47  Probe  
  21  1:48  Assimilator  
  22  1:57  Adept (Chrono Boost)  
  22  1:59  Probe  
  22  2:00  Warp Gate  
  25  2:11  Probe  
  26  2:20  Twilight Council  
  26  2:23  Probe  
  26  2:29  Stalker  
  29  2:36  Gateway  
  30  2:37  Probe (Chrono Boost)  
  31  2:48  Blink (Chrono Boost), Probe (Chrono Boost)  
  31  2:49  Probe (Chrono Boost)  
  32  2:53  Probe (Chrono Boost)  
  32  2:55  Probe  
  34  3:03  Probe  
  35  3:07  Stalker  
  35  3:09  Probe  
  38  3:15  Probe  
  39  3:21  Probe  
  39  3:24  Pylon  
  39  3:26  Robotics Facility  
  40  3:27  Probe  
  40  3:33  Probe  
  42  3:39  Probe  
  43  3:45  Probe  
  43  3:48  Nexus  
  44  3:54  Stalker  
  46  3:56  Stalker  
  46  3:57  Probe  
  46  4:01  Pylon  
  49  4:03  Probe  
  50  4:11  Assimilator  
  50  4:12  Observer, Probe  
  50  4:13  Assimilator  
  50  4:15  Probe  
  53  4:17  Pylon  
  53  4:20  Stalker  
  53  4:24  Stalker  
  57  4:25  Probe  
  57  4:30  Probe  
  59  4:38  Probe  
  59  4:43  Probe  
  60  4:50  Probe  
  60  4:54  Robotics Bay  
  60  4:55  Forge, Probe  
  61  5:01  Observer (Chrono Boost)  
  61  5:02  Probe (Chrono Boost)  
  61  5:05  Gateway, Probe (Chrono Boost)  
  61  5:06  Gateway  
  64  5:09  Probe (Chrono Boost)  
  66  5:14  Probe (Chrono Boost)  
  66  5:16  Immortal (Chrono Boost)  
  66  5:17  Probe (Chrono Boost)  
  66  5:20  Probe (Chrono Boost)  
  72  5:22  Probe (Chrono Boost)  
  72  5:23  Probe (Chrono Boost)  
  72  5:26  Probe  
  75  5:29  Shield Battery  
  75  5:36  Probe x2  
  75  5:40  Shield Battery  
  77  5:43  Probe  
  77  5:45  Colossus (Chrono Boost)  
  77  5:47  Pylon  
  84  5:52  Protoss Ground Weapons Level 1 (Chrono Boost)  
  84  5:53  Pylon  
  84  5:56  Probe  
  85  6:05  Probe x2  
  85  6:06  Pylon  
  85  6:07  Sentry  
  85  6:08  Sentry, Probe  
  92  6:15  Stalker x2  
  96  6:19  Pylon  
  96  6:21  Extended Thermal Lance  
  96  6:24  Probe  
  97  6:27  Probe  
  97  6:36  Stalker x2  
  100  6:44  Pylon  
  96  6:48  Pylon  
  91  6:55  Colossus  
  91  6:58  Probe (Chrono Boost)  
  90  7:03  Shield Battery  
  90  7:04  Probe (Chrono Boost)  
  90  7:08  Probe (Chrono Boost)  
  92  7:15  Probe x2 (Chrono Boost)  
  94  7:17  Gateway x2  
  94  7:18  Assimilator, Probe (Chrono Boost)  
  94  7:19  Probe (Chrono Boost)  
  94  7:21  Gateway x2, Probe  
  97  7:26  Zealot  
  97  7:28  Probe  
  98  7:30  Pylon, Probe  
  98  7:33  Probe  
  98  7:34  Pylon  
  100  7:37  Charge  
  100  7:40  Probe  
  100  7:42  Stalker x2  
  100  7:43  Pylon  
  103  7:47  Pylon  
  103  7:48  Stalker  
  103  7:49  Shield Battery, Probe x2, Warp Prism (Chrono Boost)  
  103  7:50  Protoss Ground Armor Level 1 (Chrono Boost)  
  109  7:58  Zealot  
  111  8:06  Stalker, Zealot  
  111  8:11  Gateway  
  99  8:23  Stalker x6  
  96  8:46  Stalker x5  
  96  8:48  Probe x2  
  106  8:54  Nexus  
  106  8:56  Pylon  
  106  8:58  Colossus (Chrono Boost)  
  112  9:11  Pylon  
  101  9:20  Probe  
  101  9:22  Forge  
  94  9:24  Robotics Facility  
  94  9:25  Gateway  
  94  9:27  Probe x2  
  96  9:32  Zealot, Sentry x2  
  96  9:33  Zealot x3  
  96  9:34  Warp Prism (Chrono Boost)  
  96  9:36  Zealot  
  112  9:42  Probe  
  112  9:43  Protoss Ground Weapons Level 2 (Chrono Boost)  
  113  9:47  Shield Battery  
  113  9:48  Protoss Ground Armor Level 2 (Chrono Boost)  
  113  9:54  Pylon  
  113  9:56  Probe  
  114  10:00  Pylon  
  114  10:02  Shield Battery  
  114  10:03  Photon Cannon  
  114  10:05  Zealot  
  114  10:06  Zealot  
  118  10:12  Disruptor (Chrono Boost)  
  116  10:14  Disruptor (Chrono Boost)  
  124  10:22  Zealot x4  
  131  10:36  Zealot x4  
  131  10:40  Zealot  
  141  10:43  Probe x2  
  141  10:47  Shield Battery  
  141  10:48  Probe x2  
  141  10:50  Disruptor x2, Photon Cannon  
  141  10:51  Pylon  
  141  10:55  Probe  
  141  10:56  Probe  
  141  11:09  Gateway  
  141  11:11  Zealot x6  
  144  11:13  Zealot  
  154  11:19  Zealot x2  
  154  11:24  Probe  
  157  11:26  Disruptor  
  147  11:40  Zealot x7  
  147  11:43  Disruptor  
  159  11:50  Zealot x2  
  157  11:55  Protoss Ground Weapons Level 3 (Chrono Boost)  
  157  12:01  Disruptor (Chrono Boost)  
  157  12:06  Zealot  
  163  12:09  Zealot x6  
  175  12:16  Nexus  
  175  12:17  Zealot x2, Pylon  
  175  12:19  Disruptor (Chrono Boost)  
  173  12:30  Protoss Ground Armor Level 3 (Chrono Boost)  
  173  12:34  Disruptor (Chrono Boost)  
  177  12:40  Stalker x4  
  177  12:43  Zealot x6  
  193  12:50  Shield Battery  
  191  12:52  Shield Battery  
  191  13:01  Gateway  
  191  13:03  Robotics Facility, Observer  
  191  13:04  Gateway, Dark Shrine  
  190  13:09  Zealot x5  
  183  13:26  Probe  
  183  13:27  Photon Cannon  
  184  13:28  Photon Cannon  
  184  13:29  Shield Battery, Probe  
  184  13:31  Shield Battery  
  184  13:33  Pylon  
  177  13:50  Stalker x7  
  177  13:51  Stalker x3  
  195  13:58  Observer x2  
  199  14:02  Probe x2  
  199  14:11  Photon Cannon  
  199  14:12  Photon Cannon  
  199  14:14  Shield Battery  
  199  14:15  Pylon  
  199  14:16  Observer  
  184  14:28  Zealot x5  
  184  14:29  Zealot x3  
  194  14:41  Zealot x2  
  194  14:42  Zealot x2, Protoss Shields Level 1 (Chrono Boost)  
  166  14:53  Zealot x5  
  166  14:54  Zealot x3  
  167  15:08  Warp Prism (Chrono Boost)  
  167  15:09  Colossus x2 (Chrono Boost)  
  167  15:10  Zealot x4  
  187  15:24  Stalker x4  
  187  15:38  Nexus  
  187  15:39  Pylon  
  187  15:41  Pylon  
  163  15:57  Zealot x3  
  163  15:58  Zealot x9  
  187  16:11  Photon Cannon  
  187  16:12  Shield Battery  
  187  16:31  Zealot x7  
Show
View Real Time Build Order
Export as new Build Order

Bunny Terran 

Build Orders: Cyclone Opening 

Get SALT Encoding   

  12  0:00  SCV  
  13  0:12  SCV  
  14  0:17  Supply Depot  
  14  0:24  SCV  
  15  0:38  SCV  
  15  0:41  Barracks  
  15  0:42  Refinery  
  16  0:50  SCV  
  17  1:03  SCV  
  18  1:15  SCV  
  19  1:27  Orbital Command  
  20  1:36  Command Center  
  20  1:47  Factory  
  20  1:53  SCV  
  20  1:54  Marine  
  21  2:02  Supply Depot  
  21  2:05  SCV  
  22  2:09  Refinery  
  22  2:13  Barracks Reactor  
  22  2:17  SCV  
  23  2:29  SCV  
  24  2:32  Cyclone  
  26  2:41  SCV  
  27  2:46  Starport  
  27  2:49  Orbital Command  
  27  2:51  Marine  
  28  2:54  Marine  
  28  2:56  SCV  
  30  3:04  Widow Mine  
  32  3:08  Marine  
  32  3:11  SCV  
  32  3:12  Marine  
  35  3:16  SCV  
  36  3:23  SCV, Medivac  
  36  3:25  Widow Mine  
  40  3:28  SCV  
  41  3:34  Marine x2  
  41  3:35  Supply Depot, SCV  
  41  3:40  SCV  
  45  3:48  SCV, Factory Tech Lab  
  46  3:49  Barracks  
  46  3:56  Marine x2  
  46  3:57  SCV  
  46  4:02  Starport Tech Lab  
  49  4:04  Barracks  
  49  4:06  Supply Depot  
  49  4:07  SCV  
  49  4:09  SCV  
  51  4:14  Marine x2, Engineering Bay  
  53  4:19  SCV  
  53  4:22  Factory Reactor  
  54  4:25  Refinery  
  54  4:28  SCV  
  55  4:33  SCV, Starport Reactor  
  56  4:40  SCV, Marine x2  
  56  4:45  Terran Infantry Weapons Level 1, SCV  
  57  4:48  Marine, Stimpack  
  57  4:52  SCV  
  58  4:56  Supply Depot  
  58  4:58  Marine x2  
  58  4:59  Combat Shield  
  62  5:00  Marauder  
  62  5:03  Supply Depot  
  62  5:06  Refinery  
  62  5:18  SCV x2, Marauder, Widow Mine x2  
  70  5:25  Supply Depot, Marine x2, Marauder, Medivac x2  
  78  5:34  Supply Depot  
  78  5:46  Supply Depot, Marine x2  
  78  5:47  SCV x2, Widow Mine x2  
  78  5:48  Supply Depot  
  86  5:56  Medivac x2  
  90  6:01  SCV x2  
  90  6:06  Marauder x2  
  90  6:07  Marine x2  
  90  6:09  Widow Mine  
  98  6:16  Widow Mine  
  99  6:28  Concussive Shells  
  99  6:36  Marine x2, Marauder x2  
  104  6:40  Medivac x2  
  104  6:44  Widow Mine  
  104  6:46  Widow Mine  
  110  6:48  SCV  
  110  6:49  SCV  
  103  6:54  Marine x2  
  103  6:57  Marauder  
  103  6:58  Marauder  
  103  7:02  Command Center  
  103  7:05  Widow Mine  
  103  7:06  Terran Infantry Armor Level 1  
  103  7:07  SCV x2, Widow Mine  
  109  7:17  Supply Depot x2  
  109  7:23  Supply Depot  
  109  7:24  SCV, Barracks  
  109  7:25  SCV  
  109  7:32  Barracks  
  109  7:38  Marauder x2  
  109  7:41  Marine x2  
  109  7:44  Viking  
  117  7:48  SCV x2  
  119  7:52  Supply Depot  
  119  7:58  Viking  
  119  8:00  Marauder, Widow Mine  
  119  8:01  Widow Mine  
  119  8:02  SCV x2  
  129  8:10  Marine x2  
  128  8:16  Marauder  
  107  8:21  Marauder, Barracks Reactor  
  107  8:22  Barracks Tech Lab, Widow Mine x2  
  107  8:24  Viking  
  101  8:28  Marine, Viking  
  101  8:30  SCV x2  
  101  8:31  Orbital Command  
  97  8:44  Marauder x2  
  97  8:45  Marine x2, Marauder  
  97  8:48  Widow Mine x2  
  97  8:50  Missile Turret  
  97  8:57  Viking  
  97  8:58  Viking  
  97  8:59  Orbital Command  
  101  9:03  Marine x3  
  101  9:04  Marine  
  103  9:12  Marauder x2  
  97  9:17  Marine  
  97  9:21  Marine x2, Widow Mine x2  
  97  9:23  SCV  
  97  9:24  SCV x2  
  105  9:27  Medivac  
  105  9:28  Medivac  
  105  9:31  Marine x2  
  110  9:34  Marauder x2  
  110  9:37  Ghost Academy  
  116  9:41  Marine x2  
  116  9:42  Widow Mine x2  
  116  9:44  SCV  
  116  9:45  SCV x2  
  125  9:46  Marauder  
  125  9:49  Marine x2  
  129  9:57  Marauder x2  
  129  9:58  Marine  
  129  9:59  Marine  
  135  10:02  Medivac  
  135  10:03  Medivac  
  139  10:08  Widow Mine x2  
  141  10:14  Ghost  
  141  10:17  Ghost x2  
  141  10:18  Marine x2  
  141  10:19  Marine x2  
  150  10:34  Widow Mine x2  
  154  10:36  Marine, Viking  
  154  10:42  Supply Depot x2  
  157  10:43  Supply Depot, Marine x3, Ghost  
  157  10:46  Ghost  
  164  11:00  Marine  
  164  11:01  Armory  
  164  11:03  Marine x3, Viking  
  172  11:04  Widow Mine x2  
  172  11:06  Viking  
  172  11:09  Ghost  
  176  11:22  Command Center  
  176  11:23  Refinery x2  
  176  11:26  Marauder  
  176  11:29  Marine x2  
  176  11:30  Marine  
  181  11:39  Viking  
  162  11:40  Viking  
  159  11:51  Ghost x2  
  163  11:55  Marine x3  
  163  11:56  Widow Mine x2  
  163  12:01  Ghost  
  151  12:02  Marine  
  151  12:04  SCV x2  
  151  12:06  SCV  
  157  12:09  Medivac  
  157  12:11  Medivac  
  157  12:13  Marine  
  162  12:22  Marine x2, Marauder x2  
  166  12:27  Widow Mine  
  166  12:28  Widow Mine  
  166  12:30  Marauder  
  162  12:41  Marine x3  
  162  12:42  Ghost  
  162  12:43  Ghost  
  169  12:47  Marine  
  171  12:51  Marauder  
  171  12:59  Marine, Widow Mine  
  175  13:06  Marine  
  175  13:07  Marine  
  175  13:12  Marauder x2  
  181  13:13  Marine, Marauder  
  181  13:16  Marine  
  176  13:20  Planetary Fortress  
  176  13:24  Marine  
  176  13:26  SCV x3  
  180  13:32  Ghost  
  180  13:33  Marine, Ghost  
  179  13:45  Terran Infantry Weapons Level 2  
  175  13:50  Viking x2  
  175  13:53  Marine x2  
  181  13:56  Marine  
  181  13:59  Marine  
  181  14:02  Widow Mine x2  
  187  14:05  Missile Turret  
  187  14:08  Engineering Bay  
  187  14:11  Terran Ship Weapons Level 1  
  187  14:12  Marauder  
  189  14:21  Marine x2  
  189  14:24  Widow Mine x2  
  195  14:28  Marauder  
  199  14:33  Refinery  
  199  14:34  Command Center  
  176  14:47  Ghost  
  176  14:48  Ghost  
  163  14:53  Widow Mine x2  
  163  14:54  Liberator x2, Marine  
  163  14:55  Marine  
  159  15:02  Ghost  
  159  15:04  Marine  
  148  15:16  Fusion Core, Ghost, Widow Mine x2  
  150  15:27  Marauder  
  148  15:32  Marauder  
  145  15:39  Marine x2  
  120  15:44  Widow Mine x2  
  113  15:53  Ghost  
  113  15:56  Marine x2  
  117  15:57  Sensor Tower  
  121  16:05  Orbital Command  
  121  16:08  Widow Mine x2  
  125  16:23  Missile Turret  
Tags
 
Add a new tag
Caveats
  • Supply blocks, unpowered buildings, or Contaminate may cause inaccurate times.
  • Supply counts are checked every 10 seconds.